 Dungeon Crawl Stone Soup version 0.27.1-34-g3ba077fa99 (webtiles) character file.

Game seed: 11584797191021430505

19184 Kaptain the Geomancer (level 12, -9/72 HPs)
             Began as a Gargoyle Earth Elementalist on Jan 19, 2022.
             Mangled by a death yak simulacrum (26 damage)
             ... on level 3 of the Lair of Beasts.
             The game lasted 00:35:42 (11952 turns).

Kaptain the Geomancer (GrEE)                       Turns: 11952, Time: 00:35:43

Health: -9/72      AC: 30    Str: 12    XL:     12   Next: 66%
Magic:  21/24      EV: 12    Int: 21    God:
Gold:   907        SH:  5    Dex: 10    Spells: 24/28 levels left

rFire    . . .     SeeInvis .   p - +4 trident (venom)
rCold    . . .     Faith    .   c - +0 buckler
rNeg     + . .     Spirit   .   x - +1 troll leather armour
rPois    ∞         Reflect  .   j - +2 hat {Will+}
rElec    +         Harm     .   h - scarf {repulsion}
rCorr    .         Rampage  .   (no gloves)
Will     +....     Rnd*Rage +   I - +0 pair of boots
Stlth    +++.......             d - amulet of magic regeneration
HPRegen  1.22/turn              r - +4 ring of protection
MPRegen  0.44/turn              v - +4 ring of protection

@: repel missiles
A: sickness immunity, AC +8, negative energy resistance 1, electricity
resistance, torment resistance 1, petrification resistance, horns 1, iridescent
scales 2, berserk 1
a: no special abilities


You were on level 3 of the Lair of Beasts.
You visited 2 branches of the dungeon, and saw 15 of its levels.

You collected 907 gold pieces.

Inventory:

Hand Weapons
 f - a +5 war axe
 p - a +4 trident of venom (weapon)
 C - a +5 scimitar of freezing
 E - a +4 scimitar of flaming
Missiles
 t - 150 stones
Armour
 c - a +0 buckler (worn)
 h - a scarf of repulsion (worn)
 j - a +2 hat of willpower (worn)
 q - a +0 helmet
 x - a +1 troll leather armour (worn)
 H - +0 swamp dragon scales
 I - a +0 pair of boots (worn)
Jewellery
 d - an amulet of magic regeneration (around neck)
 r - a +4 ring of protection (left hand)
 v - a +4 ring of protection (right hand)
Wands
 k - a wand of digging (5)
 n - a wand of iceblast (64)
 D - a wand of acid (12)
Scrolls
 i - a scroll of fog
 y - a scroll of amnesia
 z - a scroll of enchant armour
 A - 3 scrolls of teleportation
 B - 4 scrolls of identify
 F - a scroll of blinking
Potions
 a - 4 potions of curing
 b - 2 potions of mutation
 e - 2 potions of invisibility
 g - 5 potions of brilliance
 l - 3 potions of magic
 m - 3 potions of ambrosia
 s - a potion of haste


   Skills:
 + Level 7.0 Fighting
 + Level 7.1 Armour
 - Level 4.0 Dodging
 + Level 8.2 Stealth
 + Level 5.1 Shields
 * Level 8.9 Spellcasting
 * Level 9.7 Conjurations
 - Level 0.7 Transmutations
 * Level 11.6 Earth Magic


You had 24 spell levels left.
You knew the following spells:

 Your Spells              Type           Power      Damage    Failure   Level
a - Sandblast             Erth           100%       2d20      1%          1
b - Stone Arrow           Conj/Erth      100%       3d13      1%          3

Your spell library contained the following spells:

 Spells                   Type           Power      Damage    Failure   Level
 Passwall                 Tmut/Erth      29%        N/A       1%          2
 Static Discharge         Conj/Air       29%        N/A       1%          2
 Petrify                  Tmut/Erth      35%        N/A       7%          4
 Wereblood                Tmut           12%        N/A       10%         2
 Frozen Ramparts          Ice            18%        1d3       26%         3
 Lightning Bolt           Conj/Air       14%        1d28      32%         5
 Ice Form                 Ice/Tmut       10%        N/A       58%         4
 Summon Ice Beast         Ice/Summ       9%         N/A       65%         4
 Summon Lightning Spire   Summ/Air       9%         N/A       65%         4
 Storm Form               Tmut/Air       5%         N/A       100%        7
 Summon Hydra             Summ           4%         N/A       100%        7
 Maxwell's Capacitive Co  Air            4%         ∞         100%        8
 Sublimation of Blood     Necr           Unusable   N/A       N/A         2

Dungeon Overview and Level Annotations

Branches:
Dungeon (10/15)            Temple (0/1) D:7            Lair (5/6) D:9
  Swamp (0/4) Lair:4       Spider (0/4) Lair:4
  Slime: Lair:5-6       Orc: D:9-12

Altars:
Ashenzari
Dithmenos
Gozag
Hepliaklqana
Kikubaaqudgha
Sif Muna
Trog
Xom
Yredelemnul
Zin
The Shining One

Shops:
D:2 ?   D:4 *

Portals:
Ice
Cave: Lair:3

Annotations:
D:7 2 transporters, McKennaii's ghost, amateur DsFi


Innate Abilities, Weirdness & Mutations

You are immune to sickness and miasma.
Your stone body is resilient. (AC +8)
You are immune to poison.
You resist negative energy. (rN+)
You are resistant to electric shocks. (rElec)
You are resistant to unholy torment.
You are immune to petrification.
You have a pair of small horns on your head.
You are mostly covered in iridescent scales. (AC +4)
You tend to lose your temper in combat.


Message History

Confirm with . or Enter, or press ? or * to list all spells.
Aiming: Stone Arrow (safe; 1% risk of failure)
Press: ? - help, Shift-Dir - straight line, f - elephant simulacrum
Aim: an elephant simulacrum (100% to hit)
The stone arrow hits the elephant simulacrum!!
The elephant simulacrum is severely damaged.
The cane toad gives a loud, deep croak!
Casting: Stone Arrow (safe; 1% risk of failure)
Confirm with . or Enter, or press ? or * to list all spells.
Aiming: Sandblast (safe; 1% risk of failure)
Press: ? - help, Shift-Dir - straight line, f/p - elephant simulacrum
Aim: an elephant simulacrum (severely damaged, 100% to hit)
The blast of sand hits the elephant simulacrum!!
The elephant simulacrum vaporises!
A bullfrog comes into view.
Casting: Sandblast (safe; 1% risk of failure)
Confirm with . or Enter, or press ? or * to list all spells.
Aiming: Sandblast (safe; 1% risk of failure)
Press: ? - help, Shift-Dir - straight line, f - cane toad
Aim: a cane toad (86% to hit)
Okay, then.
Casting: Sandblast (safe; 1% risk of failure)
Confirm with . or Enter, or press ? or * to list all spells.
Aiming: Stone Arrow (safe; 1% risk of failure)
Press: ? - help, Shift-Dir - straight line, f - death yak simulacrum
Aim: a death yak simulacrum (100% to hit)
The stone arrow hits the death yak simulacrum!!
The death yak simulacrum is heavily damaged.
The death yak simulacrum gores you. The death yak simulacrum freezes you!!
The polar bear simulacrum bites you. The polar bear simulacrum freezes you!!
* * * LOW HITPOINT WARNING * * *
The polar bear simulacrum completely misses you.
The polar bear simulacrum misses you. The cane toad misses you.
A cane toad comes into view.
There is a frozen archway here.
You feel better. The cane toad closely misses you.
The death yak simulacrum gores you!
* * * LOW HITPOINT WARNING * * *
The death yak simulacrum freezes you!!
You die...

....... ... .........
.. ........###..
..............#.#
.............P..#
................#
F...............#
....F##..F@...##
...##.ZZ.....#
#.#..Z......# .#
##...........P# ..#
##..#.....!..### ..#
###...#........#
..####..###....###..#
..##...## #P#.## ...#
..#...## ##### .#..


You could see a cane toad, 2 death yak simulacra and a polar bear simulacrum.

Vanquished Creatures
  2 hydras
  Erica (Lair:1)
  A two-headed ogre (D:9)
  A bog body (Lair:4)
  Maggie (Lair:1)
  2 unseen horrors (D:10)
  7 cane toads
  4 rime drakes
  5 komodo dragons
  A polar bear (Lair:1)
  2 trolls
  Grinder (D:3)
  A shadow (D:10)
  Sigmund (D:2)
  A wyvern (D:9)
  24 yaks
  A steam dragon (D:8)
  2 basilisks
  6 water moccasins
  Duvessa (D:7)
  A hornet zombie (D:8)
  2 black bears (D:9)
  4 ogres
  A sky beast (D:7)
  A necrophage (D:7)
  10 wolves
  4 centaurs
  2 kobold brigands
  2 phantoms
  11 bullfrogs
  A gnoll sergeant (D:10)
  5 scorpions
  Dowan (D:7)
  A water moccasin skeleton (D:4)
  An elephant simulacrum (Lair:3)
  5 killer bees (D:9)
  11 wights
  A howler monkey (D:9)
  2 bullfrog zombies (D:6)
  5 centaur zombies
  6 hounds
  2 orc priests
  2 jellies
  An iguana (D:5)
  Ijyb (D:3)
  6 orc wizards
  A scorpion zombie (D:5)
  Robin (D:4)
  7 adders
  7 gnolls
  A shadow imp (D:6)
  A white imp (D:7)
  An ufetubus (D:6)
  An adder skeleton (D:4)
  3 worms
  2 dart slugs
  24 orcs
  9 endoplasms
  3 giant cockroaches
  12 goblins
  8 hobgoblins
  8 jackals
  19 kobolds
  4 quokkas
  12 ball pythons
  4 bats
  6 frilled lizards
  6 rats
294 creatures vanquished.

Vanquished Creatures (others)
  A rime drake (Lair:5)
  A human (D:10)
  54 fungi
  46 plants
102 creatures vanquished.

Grand Total: 396 creatures vanquished

Notes
Turn   | Place    | Note
-------+----------+-------------------------------------------
     0 | D:1      | Kaptain the Gargoyle Earth Elementalist began the quest for
                  | the Orb.
     0 | D:1      | Reached XP level 1. HP: 10/10 MP: 3/3
   281 | D:1      | Reached XP level 2. HP: 5/15 MP: 0/5
   887 | D:1      | Reached skill level 4 in Earth Magic
   887 | D:1      | Reached XP level 3. HP: 20/20 MP: 3/6
  1257 | D:1      | Reached skill level 1 in Fighting
  1519 | D:2      | Noticed Sigmund
  1529 | D:2      | Killed Sigmund
  1530 | D:2      | Reached skill level 1 in Armour
  1530 | D:2      | Reached XP level 4. HP: 11/26 MP: 3/8
  1530 | D:2      | Reached XP level 5. HP: 13/30 MP: 3/9
  1705 | D:2      | Learned a level 3 spell: Stone Arrow
  1707 | D:2      | Gained mutation: You are partially covered in iridescent
                  | scales. (AC +2) [potion of mutation]
  1707 | D:2      | Gained mutation: You tend to lose your temper in combat.
                  | [potion of mutation]
  1707 | D:2      | Gained mutation: You are mostly covered in iridescent
                  | scales. (AC +4) [potion of mutation]
  1707 | D:2      | Gained mutation: You have a pair of small horns on your
                  | head. [potion of mutation]
  1866 | D:2      | Reached skill level 5 in Earth Magic
  1866 | D:2      | Reached XP level 6. HP: 24/35 MP: 3/10
  2138 | D:2      | Found a faded altar of an unknown god.
  2415 | D:2      | Found a shimmering altar of Xom.
  2455 | D:2      | Found Ypaipp's Magic Scroll Shoppe.
  2571 | D:2      | Reached skill level 1 in Conjurations
  3329 | D:3      | Noticed Ijyb
  3357 | D:3      | Killed Ijyb
  3724 | D:3      | Noticed Grinder
  3733 | D:3      | Killed Grinder
  3734 | D:3      | Reached XP level 7. HP: 24/40 MP: 5/12
  4254 | D:4      | Noticed Robin
  4269 | D:4      | Killed Robin
  4418 | D:4      | You fall into a shaft and drop 2 floors!
  4438 | D:6      | Reached skill level 6 in Earth Magic
  4696 | D:6      | Reached XP level 8. HP: 45/45 MP: 14/14
  4994 | D:5      | Entered Level 5 of the Dungeon
  5329 | D:4      | Found Ruw Ivav's Gadget Gallery.
  5439 | D:4      | Found a broken altar of Ashenzari.
  6064 | D:5      | Reached skill level 7 in Earth Magic
  6073 | D:5      | Reached skill level 5 in Spellcasting
  6073 | D:5      | Reached XP level 9. HP: 46/52 MP: 9/16
  6524 | D:6      | Found an opulent altar of Gozag.
  6528 | D:6      | Found a glowing golden altar of the Shining One.
  6586 | D:6      | Noticed a troll
  6594 | D:6      | Reached skill level 5 in Stealth
  6597 | D:6      | Killed a troll
  6598 | D:6      | Reached skill level 5 in Conjurations
  6888 | D:7      | Found a transporter.
  6890 | D:7      | Noticed McKennaii's ghost (amateur DsFi)
  6892 | D:7      | Noticed Duvessa
  6892 | D:7      | Noticed Dowan
  6901 | D:7      | Killed Duvessa
  6903 | D:7      | Killed Dowan
  6978 | D:7      | Found a transporter.
  7067 | D:7      | Reached skill level 8 in Earth Magic
  7250 | D:7      | Reached XP level 10. HP: 56/58 MP: 19/19
  7288 | D:7      | Found a staircase to the Ecumenical Temple.
  7537 | D:8      | Identified the -3 helmet of Lifelessness {rPois}
  8025 | D:9      | Reached skill level 1 in Shields
  8038 | D:9      | Reached skill level 5 in Armour
  8093 | D:9      | Found a shadowy altar of Dithmenos.
  8098 | D:9      | Found a bloodstained altar of Trog.
  8099 | D:9      | Found a shimmering blue altar of Sif Muna.
  8099 | D:9      | Found a basalt altar of Yredelemnul.
  8134 | D:9      | Reached skill level 5 in Fighting
  8134 | D:9      | Reached skill level 9 in Earth Magic
  8268 | D:9      | Found a staircase to the Lair.
  8300 | D:9      | Noticed a two-headed ogre
  8305 | D:9      | Killed a two-headed ogre
  8377 | D:9      | Found a glowing silver altar of Zin.
  8437 | D:9      | Found a hazy altar of Hepliaklqana.
  8579 | D:9      | Reached XP level 11. HP: 64/64 MP: 14/21
  8642 | D:10     | Entered Level 10 of the Dungeon
  8643 | D:10     | Found an ancient bone altar of Kikubaaqudgha.
  9283 | D:10     | Reached skill level 10 in Earth Magic
  9574 | Lair:1   | Entered Level 1 of the Lair of Beasts
  9699 | Lair:1   | Noticed Erica
  9710 | Lair:1   | Killed Erica
  9820 | Lair:1   | Noticed Maggie
  9827 | Lair:1   | Killed Maggie
 10460 | Lair:1   | Noticed an eight-headed hydra
 10467 | Lair:1   | Killed an eight-headed hydra
 10468 | Lair:1   | Reached XP level 12. HP: 62/71 MP: 10/24
 10734 | Lair:2   | Reached skill level 11 in Earth Magic
 11160 | Lair:2   | You fall into a shaft and drop 2 floors!
 11410 | Lair:2   | You fall into a shaft and drop 1 floor!
 11445 | Lair:3   | You fall into a shaft and drop 1 floor!
 11445 | Lair:4   | Found a hole to the Spider Nest.
 11631 | Lair:4   | Noticed a five-headed hydra
 11636 | Lair:4   | Killed a five-headed hydra
 11674 | Lair:4   | Reached skill level 5 in Shields
 11702 | Lair:4   | Found a staircase to the Swamp.
 11940 | Lair:3   | Found a frozen archway.
 11952 | Lair:3   | Mangled by a death yak simulacrum

Illustrated notes

Levels and vault maps discovered:
D:1:      lightli_arrival_statue_moat, layout_basic
D:2:      layout_loops_ring, serial_shops, nicolae_lakefront_shop, basic_altar,
          basic_ecumenical_altar, uniq_sigmund
D:3:      layout_basic, serial_curves, eino_curves_02, eino_curves_03,
          uniq_grinder, uniq_ijyb
D:4:      layout_basic, kennysheep_mini_moat, nicolae_shop_gadgets, uniq_robin
D:5:      layout_cave_pools
D:6:      layout_basic, minitemple, grunt_decor_cap
D:7:      layout_basic, minmay_temple_entry_arrows, gammafunk_ghost_mausoleum,
          uniq_duvessa
D:8:      layout_rooms
D:9:      layout_rooms, mainiacjoe_overflow_boulevard, grunt_dithmenos_smoke,
          chequers_temple_overflow_statue_of_worship, amcnicky_altar_gilded,
          due_lair_maze_entry_diamond
D:10:     layout_roguey, tgw_kikubaaqudgha
Lair:1:   layout_roguey, st_stairs_6, infiniplex_staircase_pool_2, uniq_maggie,
          uniq_erica
Lair:2:   layout_gridlike, grunt_megastairs_2
Lair:3:   lemuel_slime, layout_cave_pods, portal_ice_cave_entry_ice_simulacra
Lair:4:   layout_big_grid, skrybe_swamp_entry_bodies,
          spider_nest_entry_web_field
Lair:5:   layout_cave_pods, slime_altar_1, bobbens_dragon_lair_wall

Skill      XL: |  1  2  3  4  5  6  7  8  9 10 11 12 |
---------------+-------------------------------------+-----
Earth Magic    | 4 5 6 7 8 9 10 11 | 11.6
Fighting       | 1 2 3 4 5 6 7 |  7.0
Armour         | 1 2 3 4 5 6 7 |  7.1
Dodging        | 2 3 4 |  4.0
Stealth        | 3 4 5 6 7 8 |  8.2
Spellcasting   | 3 4 5 6 7 8 |  8.9
Conjurations   | 2 3 4 6 7 8 9 |  9.7
Shields        | 2 4 5 |  5.1
Transmutations | |  0.7

Action                   |  1- 3 |  4- 6 |  7- 9 | 10-12 || total
-------------------------+-------+-------+-------+-------++-------
Melee: Unarmed           |    27 |       |       |       ||    27
       War axe           |    21 |   139 |    45 |    16 ||   221
       Headbutt          |       |    17 |    15 |    16 ||    48
       Quarterstaff      |       |       |   103 |    16 ||   119
       Scimitar          |       |       |       |    17 ||    17
       Trident           |       |       |       |    62 ||    62
 Cast: Sandblast         |    38 |    30 |    41 |   131 ||   240
       Stone Arrow       |       |    10 |    33 |   150 ||   193
  Use: Scroll            |       |     3 |    12 |     3 ||    18
       Potion            |       |     1 |       |     1 ||     2
 Stab: Sleeping          |       |     5 |     5 |       ||    10
       Distracted        |       |       |     1 |       ||     1
Armor: Robe              |    18 |    65 |       |       ||    83
       Leather armour    |       |     1 |    88 |       ||    89
       Troll leather arm |       |       |    15 |   210 ||   225
Dodge: Dodged            |    41 |   109 |   139 |   188 ||   477
       Repelled          |       |       |       |     5 ||     5
Block: Buckler           |       |       |       |    31 ||    31
       Rpst.: Scimitar   |       |       |       |     5 ||     5
